 Dungeon Crawl Stone Soup version 0.31-a0-354-g827e0957a7 (console) character file.

Game seed: 14777651028681440164

2476 jejorda2 the Grappler (level 9, 0/74 HPs)
             Began as a Gnoll Berserker on July 23, 2023.
             Was a Priest of Trog.
             Slain by a sixfirhy (11 damage)
             ... on level 1 of the Abyss.
             The game lasted 00:13:02 (5920 turns).

jejorda2 the Grappler (Gnoll Berserker)             Turns: 5920, Time: 00:13:03

Health: 0/74       AC: 16    Str: 21      XL:     9   Next: 51%
Magic:  15/15      EV:  9    Int:  3 (6)  God:    Trog [***...]
Gold:   479        SH:  5    Dex: 18      Spells: 16/16 levels left

rFire   . .          .
                       - Unarmed
rCold   . . .        (no shield)
rNeg    . . .        b - +0 plate armour
rPois   +            f - +2 helmet
rElec   .            (no cloak)
rCorr   .            (no gloves)
SInv    .            (no boots)
Will    .....        w - amulet of reflection Stlth
                     h - +6 ring of dexterity
HPRegen 0.32/turn    e - ring of poison resistance
MPRegen 0.14/turn

%: reflection
@: mighty, on berserk cooldown, slowed, very slow
A: fangs 1, strong nose, distributed training
a: Renounce Religion, Berserk, Trog's Hand


You were on level 1 of the Abyss.
You worshipped Trog.
Trog was most pleased with you.
You visited 1 branch of the dungeon, and saw 6 of its levels.
You visited the Abyss 1 time.
You also visited: Sewer and Ossuary.

You collected 479 gold pieces.

Inventory:

Missiles
 a - 12 poisoned darts
 c - a throwing net
 d - 46 stones
 g - 4 atropa-tipped darts
 i - 2 curare-tipped darts
Armour
 b - a +0 plate armour (worn)
 f - a +2 helmet (worn)
Jewellery
 e - a ring of poison resistance (right hand)
 h - a +6 ring of dexterity (left hand)
 w - an amulet of reflection (around neck)
Scrolls
 j - a scroll of enchant armour
 p - 3 scrolls of fear
 t - 2 scrolls of blinking
 v - 2 scrolls of immolation
Potions
 k - 2 potions of might
 l - a potion of invisibility {unknown}
 m - 3 potions of curing
 n - a potion of heal wounds
 o - 2 potions of brilliance {unknown}
 q - a potion of haste {unknown}
 r - 3 potions of mutation {unknown}
 s - a potion of berserk rage {unknown}
 u - a potion of degeneration {unknown}


   Skills:
 + Level 8.0 Fighting
 + Level 4.4 Short Blades
 + Level 4.4 Long Blades
 + Level 4.4 Axes
 + Level 4.4 Maces & Flails
 + Level 4.4 Polearms
 + Level 4.4 Staves
 + Level 4.4 Ranged Weapons
 + Level 4.4 Throwing
 + Level 6.4 Armour
 + Level 6.4 Dodging
 + Level 4.4 Stealth
 + Level 4.4 Shields
 + Level 8.0 Unarmed Combat
 + Level 4.4 Spellcasting
 + Level 3.6 Conjurations
 + Level 3.6 Hexes
 + Level 3.6 Summonings
 + Level 3.6 Necromancy
 + Level 3.6 Translocations
 + Level 3.6 Transmutations
 + Level 3.6 Fire Magic
 + Level 3.6 Ice Magic
 + Level 3.6 Air Magic
 + Level 3.6 Earth Magic
 + Level 3.6 Poison Magic
 + Level 4.8 Invocations
 + Level 4.4 Evocations
 + Level 3.6 Shapeshifting


You had 16 spell levels left.
You didn't know any spells.
Your spell library was empty.

Dungeon Overview and Level Annotations

Branches:
Dungeon (6/15)              Sewer (visited)         Ossuary (visited)
 Temple: D:4-7

Altars:
Cheibriados
Elyvilon
Fedhas
Hepliaklqana
Qazlal
Sif Muna

Shops:
D:4 *


Innate Abilities, Weirdness & Mutations

You have very sharp teeth.
Your uncanny sense of smell can sniff out nearby items.
Your experience applies equally to all skills.


Message History

You feel a strong urge to attack something.
You feel your anger nearly subside.
You are no longer berserk.
You are exhausted.
You feel yourself slow down.
Okay, then.
It was a potion of heal wounds.
You feel much better.
Your skin stops crawling.
You feel less strong-willed.
A neqoxec comes into view.
Your skin crawls.
You feel strong-willed.
The neqoxec shouts!
A sixfirhy comes into view.
The neqoxec gestures at you.
You feel dopey. Something feeds on your intellect!
You block the neqoxec's attack. The neqoxec barely misses you.
You're still recovering from your berserk rage.
You feel very mighty all of a sudden.
You feel the effects of Trog's Hand fading.
The sixfirhy hits you but does no damage.
You block the sixfirhy's attack. x2
You miss the sixfirhy. The sixfirhy hits you. The sixfirhy shocks you!
The sixfirhy hits you but does no damage.
The sixfirhy closely misses you.
You punch the sixfirhy! Your bite misses the sixfirhy.
The sixfirhy is heavily wounded.
Okay, then.
You punch the sixfirhy!
The sixfirhy is severely wounded.
The sixfirhy barely misses you. The sixfirhy hits you. The sixfirhy shocks you!
The sixfirhy hits you. The sixfirhy shocks you!
You barely miss the sixfirhy.
The sixfirhy is severely wounded.
Your skin stops crawling.
You feel less strong-willed. The sixfirhy hits you. The sixfirhy shocks you!
* * * LOW HITPOINT WARNING * * *
The sixfirhy hits you!
* * * LOW HITPOINT WARNING * * *
The sixfirhy shocks you!
You die...

.. ##.. .
. .... #
## ###.#.
.. #.....
## #
#...#.
#.#3# . .#
#.#3# # .
#.#@# ..
###.#.# .
#.....#. .
#.....#
#.....# .
#.....#
........
###......#
.##'##..


You could see a sixfirhy and a neqoxec.

Vanquished Creatures
  An orange demon (Abyss:1)
  A smoke demon (Abyss:1)
  A hellwing (Abyss:1)
  Grinder (D:3)
  A sky beast (D:6)
  A black bear (D:5)
  An ogre (D:5)
  2 kobold brigands (Sewer)
  An elf zombie (Ossuary)
  3 scorpions (D:5)
  3 hounds
  A gnoll bouda (D:6)
  An orc priest (D:4)
  A human zombie (Ossuary)
  A jelly (D:4)
  5 iguanas
  Terence (D:3)
  3 orc wizards
  2 mummies (Ossuary)
  Robin (D:3)
  11 gnolls
  8 adders
  8 river rats
  2 worms (D:2)
  3 dart slugs
  13 orcs
  8 ball pythons
  9 endoplasms
  3 giant cockroaches
  3 gnoll zombies (Ossuary)
  14 goblins
  6 hobgoblins
  2 jackals (Sewer)
  7 kobolds
  4 quokkas
  3 bats
  5 frilled lizards
  A goblin zombie (D:5)
  5 hobgoblin zombies (Ossuary)
  4 orc zombies (Ossuary)
  A quokka zombie (D:5)
  9 rats
161 creatures vanquished.

Notes
Turn   | Place    | Note
-------+----------+-------------------------------------------
     0 | D:1      | jejorda2 the Gnoll Berserker began the quest for the Orb.
     0 | D:1      | Reached XP level 1. HP: 23/23 MP: 1/1
   136 | D:1      | Reached XP level 2. HP: 29/29 MP: 2/2
   971 | D:2      | Reached XP level 3. HP: 35/35 MP: 3/3
  1064 | D:2      | Found a faded altar of an unknown god.
  1085 | D:2      | Reached skill level 1 in Invocations
  1340 | D:2      | Reached skill level 1 in Short Blades
  1340 | D:2      | Reached skill level 1 in Long Blades
  1340 | D:2      | Reached skill level 1 in Axes
  1340 | D:2      | Reached skill level 1 in Maces & Flails
  1340 | D:2      | Reached skill level 1 in Polearms
  1340 | D:2      | Reached skill level 1 in Staves
  1340 | D:2      | Reached skill level 1 in Ranged Weapons
  1340 | D:2      | Reached skill level 1 in Throwing
  1340 | D:2      | Reached skill level 1 in Stealth
  1340 | D:2      | Reached skill level 1 in Shields
  1340 | D:2      | Reached skill level 1 in Spellcasting
  1340 | D:2      | Reached skill level 1 in Evocations
  1433 | D:2      | Reached ** piety under Trog
  1789 | D:3      | Reached XP level 4. HP: 41/41 MP: 5/5
  1813 | D:3      | Noticed Robin
  1849 | D:3      | Killed Robin
  1850 | D:3      | Reached skill level 1 in Conjurations
  1850 | D:3      | Reached skill level 1 in Hexes
  1850 | D:3      | Reached skill level 1 in Summonings
  1850 | D:3      | Reached skill level 1 in Necromancy
  1850 | D:3      | Reached skill level 1 in Translocations
  1850 | D:3      | Reached skill level 1 in Transmutations
  1850 | D:3      | Reached skill level 1 in Fire Magic
  1850 | D:3      | Reached skill level 1 in Ice Magic
  1850 | D:3      | Reached skill level 1 in Air Magic
  1850 | D:3      | Reached skill level 1 in Earth Magic
  1850 | D:3      | Reached skill level 1 in Poison Magic
  1850 | D:3      | Reached skill level 1 in Shapeshifting
  2056 | D:3      | Reached XP level 5. HP: 41/47 MP: 6/6
  2064 | D:3      | Found a glowing drain.
  2073 | Sewer    | Entered a sewer
  2133 | Sewer    | Noticed a kobold brigand
  2150 | Sewer    | Killed a kobold brigand
  2155 | Sewer    | Noticed a kobold brigand
  2168 | Sewer    | Killed a kobold brigand
  2169 | Sewer    | Reached skill level 5 in Armour
  2169 | Sewer    | Reached skill level 5 in Dodging
  2169 | Sewer    | Reached XP level 6. HP: 47/53 MP: 8/8
  2453 | Sewer    | Reached *** piety under Trog
  2996 | D:3      | Noticed Terence
  3007 | D:3      | Killed Terence
  3018 | D:3      | Noticed Grinder
  3026 | D:3      | Killed Grinder
  3027 | D:3      | Reached XP level 7. HP: 60/60 MP: 10/10
  3134 | D:3      | Identified the +4 dagger "Sioggan" {distort, rF+}
  3593 | D:4      | Found Genum's Gadget Gallery.
  3805 | D:4      | Found a white marble altar of Elyvilon.
  4083 | D:4      | Found a faded altar of an unknown god.
  4083 | D:4      | Found a hazy altar of Hepliaklqana.
  4090 | D:4      | Found a snail-covered altar of Cheibriados.
  4092 | D:4      | Found a faded altar of an unknown god.
  4094 | D:4      | Found a blossoming altar of Fedhas.
  4353 | D:5      | Entered Level 5 of the Dungeon
  4368 | D:5      | Found a stormy altar of Qazlal.
  4385 | D:5      | Found a sand-covered staircase.
  4397 | Ossuary  | Entered an ossuary
  4478 | Ossuary  | Reached XP level 8. HP: 66/67 MP: 12/12
  4755 | D:5      | Reached **** piety under Trog
  5541 | D:6      | Found a shimmering blue altar of Sif Muna.
  5748 | D:6      | Reached XP level 9. HP: 73/73 MP: 14/14
  5759 | Abyss:1  | Cast into level 1 of the Abyss (gnoll)
  5783 | Abyss:1  | Noticed a large abomination
  5790 | Abyss:1  | Noticed a starcursed mass
  5821 | Abyss:1  | Noticed an orange demon
  5839 | Abyss:1  | Killed an orange demon
  5871 | Abyss:1  | Noticed a hellwing
  5879 | Abyss:1  | Noticed a smoke demon
  5897 | Abyss:1  | Killed a hellwing
  5899 | Abyss:1  | Killed a smoke demon
  5914 | Abyss:1  | Noticed a sixfirhy
  5920 | Abyss:1  | Slain by a sixfirhy

Illustrated notes

Levels and vault maps discovered:
D:1:      matt_arrival_los_fun, layout_loops_ring
D:2:      layout_loops_corners, ebering_ecumenical_altar_box,
          nicolae_concentric_dashed_squares_wild
D:3:      layout_loops_ring, portal_sewer_entry_e, uniq_robin, uniq_grinder,
          uniq_terence
D:4:      layout_basic, nicolae_elyvilon_peaceful_grove,
          chequers_temple_overflow_minitemple, nicolae_shop_gadgets
D:5:      layout_rooms, kennysheep_little_box, enter_ossuary_4,
          serial_bayou_pond_c, chequers_serial_rivers_micro_b
D:6:      layout_loops_ring, mainiacjoe_overflow_24_doors
Abyss:1:  base: D:4, hangedman_abyss_or_decor_slice,
          hangedman_abyss_stitches_cave, hangedman_abyss_batty_box, minivault_11

Skill      XL: |  1  2  3  4  5  6  7  8  9 |
---------------+----------------------------+-----
Invocations    | 1 2 3 4 |  4.8
Short Blades   | 1 2 3 4 |  4.4
Long Blades    | 1 2 3 4 |  4.4
Axes           | 1 2 3 4 |  4.4
Maces & Flails | 1 2 3 4 |  4.4
Polearms       | 1 2 3 4 |  4.4
Staves         | 1 2 3 4 |  4.4
Ranged Weapons | 1 2 3 4 |  4.4
Throwing       | 1 2 3 4 |  4.4
Stealth        | 1 2 3 4 |  4.4
Shields        | 1 2 3 4 |  4.4
Spellcasting   | 1 2 3 4 |  4.4
Evocations     | 1 2 3 4 |  4.4
Conjurations   | 1 2 3 |  3.6
Hexes          | 1 2 3 |  3.6
Summonings     | 1 2 3 |  3.6
Necromancy     | 1 2 3 |  3.6
Translocations | 1 2 3 |  3.6
Transmutations | 1 2 3 |  3.6
Fire Magic     | 1 2 3 |  3.6
Ice Magic      | 1 2 3 |  3.6
Air Magic      | 1 2 3 |  3.6
Earth Magic    | 1 2 3 |  3.6
Poison Magic   | 1 2 3 |  3.6
Shapeshifting  | 1 2 3 |  3.6
Armour         | 5 6 |  6.4
Dodging        | 5 6 |  6.4
Fighting       | 7 8 |  8.0
Unarmed Combat | 7 8 |  8.0

Action                     |  1- 3 |  4- 6 |  7- 9 || total
---------------------------+-------+-------+-------++-------
  Melee: Unarmed           |    93 |   181 |   292 ||   566
         Bite              |    11 |    20 |    44 ||    75
         Punch             |     4 |     5 |    12 ||    21
 Invoke: Berserk           |       |     2 |     5 ||     7
         Trog's Hand       |       |     1 |     5 ||     6
    Use: Scroll            |       |     9 |     4 ||    13
         Potion            |       |       |     2 ||     2
 Armour: Plate armour      |    45 |   105 |   146 ||   296
  Dodge: Dodged            |    22 |    48 |   117 ||   187
  Block: Other             |       |       |    12 ||    12

Table legend: (Time is in decaauts)
 A = Elapsed time spent in this place.
 B = Non-inter-level travel time spent in this place.
 C = Inter-level travel time spent in this place.
 D = Time resting spent in this place.
 E = Time spent auto-exploring this place.
 F = Levels seen in this place.
 G = Mean time per level.
                   A        B        C        D        E       F      G
               +--------+--------+--------+--------+--------+-----+--------+
         Total |   6102 |   5944 |    158 |    164 |   4357 |   9 |  678.0 |
       Dungeon |   4710 |   4552 |    158 |    124 |   3495 |   6 |  785.0 |
         Abyss |    179 |    179 |      0 |     31 |     40 |   1 |  179.0 |
         Sewer |   1022 |   1022 |      0 |      8 |    719 |   1 | 1022.0 |
       Ossuary |    190 |    190 |      0 |      0 |    103 |   1 |  190.0 |
               +--------+--------+--------+--------+--------+-----+--------+

Top non-repeatable levels by time:
   Sewer: 1022 daAuts
     D:2: 891 daAuts
     D:4: 875 daAuts
     D:3: 873 daAuts
     D:1: 859 daAuts
     D:5: 796 daAuts
     D:6: 413 daAuts
 Ossuary: 190 daAuts
 Abyss:1: 179 daAuts
